 Dungeon Crawl Stone Soup version 0.31-a0-1589-g8f5e8aebd6 (webtiles) character file.

Game seed: 4664396303438568489

55 case the Conjurer (level 3, -1/20 HPs)
             Began as a Deep Elf Conjurer on Jan 6, 2024.
             Killed from afar by an orc wizard (10 damage)
             ... with a puff of flame
             ... on level 2 of the Dungeon.
             The game lasted 00:05:07 (1607 turns).

case the Conjurer (Deep Elf Conjurer)               Turns: 1607, Time: 00:05:10

Health: -1/20      AC:  3    Str:  4    XL:     3   Next: 67%
Magic:  10/10      EV: 12    Int: 22    God:
Gold:   146        SH:  0    Dex: 13    Spells: 9/10 levels left

rFire   . . .        i - +2 short sword (elec)
rCold   . . .        (no shield)
rNeg    . . .        a - +0 robe
rPois   .            c - +0 helmet
rElec   .            (no cloak)
rCorr   .            (no gloves)
SInv    .            (no boots)
Will    .....        (no amulet)
Stlth   +            (no ring)
HPRegen 0.23/turn    (no ring)
MPRegen 0.12/turn

%: clarity
@: confused, ambrosia-drunk
A: clarity, dopey 1, robust 1
a: no special abilities


You were on level 2 of the Dungeon.
You visited 1 branch of the dungeon, and saw 2 of its levels.

You collected 146 gold pieces.

Inventory:

Hand Weapons
 i - a +2 short sword of electrocution (weapon)
Armour
 a - a +0 robe (worn)
 c - a +0 helmet (worn)
Scrolls
 d - a scroll of revelation {unknown}
 g - a scroll of enchant weapon {unknown}
 j - a scroll of brand weapon {unknown}
 l - a scroll of teleportation {unknown}
 m - a scroll of identify {unknown}
 n - a scroll of blinking {unknown}
Potions
 b - a potion of magic
 e - a potion of mutation
 h - a potion of curing {unknown}
 k - a potion of might {unknown}


   Skills:
 - Level 2.4 Dodging
 - Level 2.4 Stealth
 + Level 4.0 Spellcasting
 * Level 5.5 Conjurations


You had 9 spell levels left.
You knew the following spells:

 Your Spells              Type           Power      Damage    Failure   Level
a - Magic Dart            Conj           100%       1d8       1%          1

Your spell library contained the following spells:

 Spells                   Type           Power      Damage    Failure   Level
 Searing Ray              Conj           56%        2d6       1%          2
 Fulminant Prism          Conj/Alch      8%         3d7       34%         4
 Iskenderun's Mystic Bla  Conj/Tloc      16%        2d5       34%         4


Dungeon Overview and Level Annotations

Branches:
Dungeon (2/15)

Altars:
Nemelex Xobeh

Shops:
D:2 =


Innate Abilities, Weirdness & Mutations

You possess an exceptional clarity of mind.
You are dopey. (Int -2)
You are robust. (+10% HP)


Message History

You hit something.
You hear some strange, mumbled words.
You are more confused.
You bump into the rock wall.
You hear some strange, mumbled words.
You are more confused.
You bump into the rock wall.
You barely miss the orc. Something hits you but does no damage.
The orc barely misses you.
You hit the orc.
The orc is moderately wounded.
Something hits you. The orc closely misses you. Something hits you.
You barely miss something. Something hits you.
The orc hits you with a +0 short sword.
You barely miss the orc.
The orc is moderately wounded.
You hear some strange, mumbled words.
You are more confused.
The orc hits you but does no damage.
You barely miss something.
You hear some strange, mumbled words.
Something tries to affect you, but you resist.
The orc closely misses you.
You barely miss the orc.
The orc is lightly wounded.
Something hits you. The orc hits you with a +0 short sword. Something hits you.
* * * LOW HITPOINT WARNING * * *
It was a potion of mutation.
You feel extremely strange.
You feel stupid.
You feel robust.
Your thoughts seem clearer.
Something hits you but does no damage. The orc barely misses you.
It was a potion of ambrosia.
You are more confused.
You feel invigorated.
You hear some strange, mumbled words.
A puff of flame appears from out of thin air!
The puff of flame hits you!
Ouch! That really hurt!
You die...

#.#.#.... ..# ##.#...... ..###
#......#####...# #######
#..#......#..... #.....#
#......##....... ######.###.####
#.##............
....##.###.##.####.####.....†....
###.##.#.........{..###..###.(###
....##.#.#.#....@o.............%.
...........#.#####.)####..).(....
....########.##...)...##.........
#.#.## ####.##†....#.##.###.....
.....####.......##.##............
.....##............##.##.._....).
.._..##............##.##.###..###
............##...................
.....#......##..########.#.......


You could see an orc.

Vanquished Creatures
  An adder (D:2)
  2 dart slugs
  3 orcs (D:2)
  3 ball pythons
  3 endoplasms (D:1)
  2 goblins
  3 hobgoblins (D:1)
  2 jackals (D:1)
  2 kobolds (D:1)
  3 quokkas
  6 bats
  2 frilled lizards
  7 rats
39 creatures vanquished.

Notes
Turn   | Place    | Note
-------+----------+-------------------------------------------
     0 | D:1      | case the Deep Elf Conjurer began the quest for the Orb.
     0 | D:1      | Reached XP level 1. HP: 10/10 MP: 6/6
   243 | D:1      | Reached XP level 2. HP: 15/15 MP: 1/8
   481 | D:1      | Reached skill level 5 in Conjurations
  1086 | D:2      | Reached XP level 3. HP: 19/19 MP: 10/10
  1118 | D:2      | Found a faded altar of an unknown god.
  1149 | D:2      | Identified the beast talisman of the Everdark {rF+ MP+9}
  1235 | D:2      | Found Fitwokh's Jewellery Shoppe.
  1528 | D:2      | Found a sparkling altar of Nemelex Xobeh.
  1606 | D:2      | Gained mutation: You are dopey. (Int -2) [potion of
                  | mutation]
  1606 | D:2      | Gained mutation: You are robust. (+10% HP) [potion of
                  | mutation]
  1606 | D:2      | Gained mutation: You possess an exceptional clarity of
                  | mind. [potion of mutation]
  1607 | D:2      | Killed from afar by an orc wizard

Illustrated notes

Levels and vault maps discovered:
D:1:      saegor_arrival_fortress, layout_basic, chequers_garden,
          chequers_hall_statues_corner_a
D:2:      layout_loops_cross, basic_altar, serial_shops,
          nicolae_shop_gaudy_bauble, hellmonk_ecumenical_altar_lost_god,
          minmay_quadrilaterals

Skill      XL: |  1  2  3 |
---------------+----------+-----
Conjurations   | 5 |  5.5
Spellcasting   | 4 |  4.0
Dodging        | |  2.4
Stealth        | |  2.4

Action                     || total
---------------------------++-------
  Melee: Dagger            ||    20
         Short sword       ||    36
   Cast: Magic Dart        ||    54
    Use: Potion            ||     2
   Stab: Sleeping          ||     5
 Armour: Robe              ||    40
  Dodge: Dodged            ||    42

Table legend: (Time is in decaauts)
 A = Elapsed time spent in this place.
 B = Non-inter-level travel time spent in this place.
 C = Inter-level travel time spent in this place.
 D = Time resting spent in this place.
 E = Time spent auto-exploring this place.
 F = Levels seen in this place.
 G = Mean time per level.
                   A        B        C        D        E       F      G
               +--------+--------+--------+--------+--------+-----+--------+
         Total |   1605 |   1600 |      5 |     20 |   1257 |   2 |  802.5 |
       Dungeon |   1605 |   1600 |      5 |     20 |   1257 |   2 |  802.5 |
               +--------+--------+--------+--------+--------+-----+--------+

Top non-repeatable levels by time:
     D:1: 975 daAuts
     D:2: 630 daAuts
